 Dungeon Crawl Stone Soup version 0.15-a0-1646-g393eda0 (webtiles) character file.

416 Nikss the Firebug (level 6, -4/42 HPs)
             Began as a Demonspawn Fire Elementalist on June 22, 2014.
             Was an Initiate of Vehumet.
             Killed from afar by Blork the orc (7 damage)
             ... with a magic dart
             ... on Level 4 of the Dungeon.
             The game lasted 00:50:50 (5465 turns).

Nikss the Firebug (Demonspawn Fire Elementalist)    Turns: 5465, Time: 00:50:50

HP  -4/42        AC  5     Str 10      XL: 6   Next: 60%
MP  15/22        EV  8     Int 16      God: Vehumet [......]
Gold 171         SH  3     Dex 14      Spells:  1 memorised, 11 levels left

rFire  + + .     SeeInvis .     e - +2 short sword
rCold  + . .     Clarity  .     k - +0 ring mail
rNeg   . . .     rCorr    .     f - +0 buckler
rPois  +         rRot     .     (helmet restricted)
rElec  +         Spirit   .     (no cloak)
SustAb .         Warding  .     (no gloves)
rMut   .         Stasis   .     (no boots)
Gourm  .                        (no amulet)
MR     .....                    d - ring of fire
                                i - ring of magical power

@: resistant, very slightly contaminated, not resistant to hostile enchantments,
very unstealthy
A: horns 1, talons 1, cold resistance 1
a: Renounce Religion


You were on level 4 of the Dungeon.
You worshipped Vehumet.
Vehumet was noncommittal.
You were not hungry.

You visited 2 branches of the dungeon, and saw 5 of its levels.

You collected 243 gold pieces.
You spent 72 gold pieces at shops.

Inventory:

Hand weapons
 e - a +2 short sword (weapon)
 g - a +0 short sword
 r - a +0 dagger of draining
 u - a +0 mace
 w - a +0 flail
 x - a +0 halberd
 y - a +0 war axe
 z - a +0 dagger
 A - a +0 sling
 I - a +0 flail
 J - a +0 spear
 K - a +1 flail
 M - a +0 hand axe
 N - a +0 dagger
 O - a +0 club
 P - a +0 mace
 Q - a +2 flail
 S - a +0 dagger
 T - a cursed -2 dagger
 V - a +0 dagger
 Z - a +0 sling
Missiles
 h - 126 stones (quivered)
 m - 16 sling bullets
 n - 87 arrows
 H - 19 arrows of flame
 L - 57 bolts
 Y - 15 silver bolts
Armour
 a - a +0 robe
 c - a +0 robe
 f - a +0 buckler (worn)
 k - a +0 ring mail (worn)
 s - a cursed +0 robe
 R - a +1 ring mail
Comestibles
 p - 4 meat rations
 C - a beef jerky
Scrolls
 l - a scroll of remove curse
 q - 4 scrolls of fog
 U - 3 scrolls of identify
Jewellery
 d - a ring of fire (right hand)
 i - a ring of magical power (left hand)
 o - an uncursed ring of stealth
Potions
 j - a potion of restore abilities
 X - a potion of agility
Books
 b - a book of Flames

   Spells                             Type                      Level
   *Flame Tongue                      Conjuration/Fire             1
   Throw Flame                        Conjuration/Fire             2
   Conjure Flame                      Conjuration/Fire             3
   Inner Flame                        Hexes/Fire                   3
   Sticky Flame                       Conjuration/Fire             4
   Fireball                           Conjuration/Fire             5


   Skills:
 + Level 0.4 Fighting
 + Level 2.2 Armour
 + Level 2.4 Dodging
 + Level 1.9 Stealth
 + Level 3.8 Spellcasting
 + Level 2.8 Conjurations
 + Level 4.2 Fire Magic


You had 11 spell levels left.
You knew the following spells:

 Your Spells              Type           Power        Failure   Level  Hunger
a - Flame Tongue          Conj/Fire      ###..        21%         1    None


Dungeon Overview and Level Annotations

Branches:
Dungeon (4/15)             Temple (1/1) D:4

Altars:
Cheibriados
Dithmenos
Fedhas
Kikubaaqudgha
Makhleb
Nemelex Xobeh
Okawaru
Qazlal
Trog
Vehumet
Xom
Yredelemnul
Zin

Shops:
D:4 ?

Annotations:
D:4 Blork the orc


Innate Abilities, Weirdness & Mutations

You have a pair of small horns on your head.
You have sharp toenails.
Your flesh is cold resistant.


Message History

Press: ? - help, Shift-Dir - straight line, f/p - Blork the orc
Aim: Blork the orc, wielding a halberd and wearing a robe (lightly wounded, fast)
You feel a surge of power!
The flame tongue hits Blork the orc.
Blork the orc is lightly wounded.
Blork the orc gestures at you while chanting.
The magic dart hits you!
Drink which item? (? for menu, Esc to quit)
You feel protected. Blork the orc barely misses you.
Blork the orc hits you from afar with a halberd!
* * * LOW HITPOINT WARNING * * *
Read which item? (? for menu, Esc to quit)
Okay, then.
Drink which item? (? for menu, Esc to quit)
You feel better.
Blork the orc hits you from afar with a halberd!
* * * LOW HITPOINT WARNING * * *
Blork the orc casts a spell at you. The magic dart hits you!
You die...

#....# #....###..
#....?.#...
###.........
............
#...%o.##..##
#......##.....
#..............
#...@...#.........
###.....#.. ... ...
#.....#.# #.# ..#..
##....#.###.##..#.#
#....%...>........
#######............
##.................#
##..............#'##.
#.........#..........


You could see Blork the orc.

Vanquished Creatures
  The ghost of Quh the Ruinous, an average DsWz (D:3)
  A worker ant (D:4)
  A black bear skeleton (D:4)
  11 gnolls
  9 adders
  An inept feature mimic (D:4)
  A white imp (D:3)
  A worm (D:3)
  An orc skeleton (D:4)
  9 orcs
  2 ball pythons (D:3)
  4 giant cockroaches
  15 hobgoblins
  4 jackals (D:2)
  6 bats
  A giant gecko (D:1)
  3 giant newts
  7 goblins
  10 kobolds
  9 rats
97 creatures vanquished.

Notes
Turn   | Place    | Note
--------------------------------------------------------------
     0 | D:1      | Nikss, the Demonspawn Fire Elementalist, began the quest for the Orb.
     0 | D:1      | Reached XP level 1. HP: 13/13 MP: 3/3
   306 | D:1      | Reached skill level 3 in Fire Magic
   360 | D:1      | Gained mutation: Your flesh is cold resistant. [demonic ancestry]
   360 | D:1      | Reached XP level 2. HP: 16/19 MP: 4/4
  1157 | D:2      | Gained mutation: You have sharp toenails. [demonic ancestry]
  1157 | D:2      | Reached XP level 3. HP: 24/24 MP: 6/6
  1331 | D:2      | Reached XP level 4. HP: 17/30 MP: 3/8
  2332 | D:2      | Reached skill level 1 in Armour
  2607 | D:3      | Reached XP level 5. HP: 24/35 MP: 11/11
  3924 | D:3      | Noticed Quh's ghost (average DsWz)
  3949 | D:3      | Killed Quh's ghost
  3949 | D:3      | Reached skill level 4 in Fire Magic
  3949 | D:3      | Gained mutation: You have a pair of small horns on your head. [demonic ancestry]
  3949 | D:3      | Reached XP level 6. HP: 23/41 MP: 7/13
  4585 | D:4      | Found a staircase to the Ecumenical Temple.
  4686 | Temple   | Entered the Ecumenical Temple
  4810 | Temple   | Became a worshipper of Vehumet
  4879 | D:4      | Found a shadowy altar of Dithmenos.
  4924 | D:4      | Found Fecsarch's Magic Scroll Shoppe.
  5018 | D:4      | Bought a scroll of identify for 24 gold pieces
  5018 | D:4      | Bought a scroll of identify for 24 gold pieces
  5018 | D:4      | Bought a scroll of identify for 24 gold pieces
  5454 | D:4      | Noticed Blork the orc
  5463 | D:4      | HP: 2/42 [Blork the orc/halberd (11)]
  5465 | D:4      | Killed from afar by Blork the orc

Action                   |  1- 3 |  4- 6 || total
-------------------------+-------+-------++-------
Melee: Unarmed           |     4 |       ||     4
       Short sword       |     7 |     9 ||    16
 Cast: Flame Tongue      |    52 |   179 ||   231
  Use: Scroll            |     6 |    10 ||    16
       Potion            |     3 |     7 ||    10
